Map: Catalyst LE

Players

Starlord - Winner!

  • Race: Zerg Zerg
  • League: Grandmaster
  • Spawn Location: 5:00

Antis

  • Race: Zerg Zerg
  • League: Master
  • Spawn Location: 11:00

VOD

Have the link to the VOD?

Description

Time

  • Played on: May 28, 2018, 12:47 a.m.
  • Length: 8:17
Show
View Real Time Build Order
Export as new Build Order

Starlord Zerg - Winner!

Build Orders: Hatch First 

Get SALT Encoding   

  12  0:01  Drone  
  13  0:12  Overlord  
  13  0:18  Drone  
  14  0:31  Drone x2  
  16  0:37  Drone  
  17  0:53  Hatchery  
  17  0:56  Drone  
  17  1:00  Drone  
  18  1:10  Extractor  
  17  1:14  Spawning Pool  
  17  1:16  Drone  
  17  1:20  Drone  
  18  1:31  Drone  
  19  1:44  Overlord  
  19  1:55  Drone  
  19  2:00  Queen  
  22  2:02  Zergling x2  
  22  2:05  Queen, Zergling x2  
  26  2:10  Metabolic Boost  
  26  2:13  Drone  
  27  2:21  Drone  
  28  2:23  Drone  
  30  2:30  Drone  
  30  2:40  Hatchery  
  29  2:45  Zergling x4  
  29  2:48  Zergling x2  
  32  2:53  Overlord  
  31  3:08  Zergling x6  
  34  3:16  Zergling x2  
  34  3:17  Zergling x10  
  41  3:20  Zergling x2  
  41  3:26  Overlord  
  41  3:44  Drone x5  
  41  3:46  Roach Warren  
  45  3:51  Drone x2  
  47  3:56  Drone  
  45  4:04  Overlord x2  
  42  4:31  Roach x8  
  58  4:39  Roach x3  
  64  4:51  Zergling x14  
  70  5:04  Zergling x6  
  73  5:11  Lair  
  73  5:13  Extractor  
  70  5:15  Extractor x2  
  70  5:18  Drone x3  
  70  5:19  Drone x3  
  74  5:23  Overlord  
  69  5:37  Drone x5  
  69  5:38  Drone x2  
  63  5:50  Drone x3  
  63  5:52  Overlord  
  65  5:58  Roach x2  
  61  6:12  Roach x5  
  69  6:21  Spire  
  69  6:24  Roach x3  
  66  6:28  Glial Reconstitution  
  66  6:31  Roach  
  68  6:34  Roach  
  68  6:38  Roach x2  
  74  6:43  Roach x2  
  74  6:46  Roach  
  80  6:49  Overlord  
  80  6:53  Roach x2  
  84  6:56  Ravager  
  81  7:10  Overlord x2  
  79  7:19  Roach  
  79  7:20  Overlord  
  79  7:21  Overlord  
  81  7:32  Mutalisk x4  
  81  7:37  Mutalisk  
  89  7:39  Zergling x8  
  95  7:46  Extractor  
  94  8:08  Evolution Chamber  
Show
View Real Time Build Order
Export as new Build Order

Antis Zerg 

Build Orders: Hatch First 

Get SALT Encoding   

  12  0:00  Drone  
  13  0:12  Overlord  
  13  0:17  Drone  
  14  0:31  Drone x2  
  14  0:34  Drone  
  17  0:52  Hatchery  
  17  0:54  Drone  
  17  0:57  Drone  
  18  1:09  Extractor  
  17  1:13  Spawning Pool  
  17  1:16  Drone  
  17  1:19  Drone  
  18  1:28  Drone  
  19  1:48  Overlord  
  19  1:52  Drone  
  20  2:06  Queen x2  
  20  2:07  Zergling x4  
  26  2:10  Metabolic Boost  
  26  2:13  Drone  
  26  2:14  Drone  
  28  2:21  Drone  
  29  2:25  Drone  
  30  2:33  Zergling x2  
  31  2:40  Hatchery  
  30  2:45  Baneling Nest  
  30  2:48  Drone x2  
  31  2:56  Overlord  
  32  2:58  Drone x2  
  33  3:09  Drone x2  
  35  3:16  Drone  
  36  3:22  Drone x4, Zergling x2  
  36  3:26  Overlord  
  41  3:31  Baneling  
  41  3:34  Baneling  
  41  3:36  Drone x2  
  43  3:42  Extractor  
  43  3:43  Evolution Chamber  
  43  3:44  Overlord  
  43  3:47  Zergling x6  
  44  3:51  Zergling x4  
  44  3:53  Baneling x2  
  46  3:57  Drone  
  46  3:59  Drone x2  
  48  4:09  Drone x2  
  47  4:10  Lair  
  47  4:14  Roach Warren  
  47  4:16  Drone x2  
  46  4:30  Drone x2  
  48  4:32  Overlord, Zerg Missile Weapons Level 1  
  48  4:34  Extractor  
  48  4:37  Zergling x2  
  48  4:48  Drone  
  48  4:49  Drone x2  
  48  4:50  Drone  
  52  4:56  Overlord, Roach x2  
  56  5:03  Roach x2  
  56  5:04  Roach  
  62  5:08  Roach  
  62  5:13  Roach  
  62  5:14  Roach  
  67  5:15  Roach x2  
  67  5:20  Roach  
  72  5:30  Roach  
  72  5:35  Roach  
  71  5:36  Roach x2  
  71  5:38  Roach  
  71  5:39  Queen  
  71  5:42  Roach x2  
  75  5:44  Roach x2  
  66  5:52  Roach x2  
  66  5:55  Roach  
  56  6:04  Roach x2  
  56  6:10  Queen  
  52  6:15  Drone x4  
  50  6:26  Drone x2  
  50  6:32  Drone, Glial Reconstitution  
  53  6:37  Drone  
  54  6:41  Drone  
  55  6:49  Drone  
  55  6:53  Drone  
  57  6:56  Overlord  
  57  6:58  Drone x2  
  57  6:59  Drone  
  56  7:17  Roach x3  
  56  7:21  Roach x3  
  66  7:26  Roach  
  68  7:32  Roach  
  72  7:37  Roach  
  72  7:43  Roach x2  
  76  7:45  Hatchery  
  76  7:47  Overlord  
  84  8:06  Hatchery  
Tags
 
Add a new tag
Caveats
  • Supply blocks, unpowered buildings, or Contaminate may cause inaccurate times.
  • Supply counts are checked every 10 seconds.